Map: World of Sleepers LE

Players

BackupJ - Winner!

  • Race: Protoss Protoss
  • Spawn Location: 1:00

Trumpet

  • Race: Protoss Protoss
  • Spawn Location: 7:00

VOD

Have the link to the VOD?

Description

Time

  • Played on: Sept. 6, 2019, 2:51 p.m.
  • Length: 8:36
Show
View Real Time Build Order
Export as new Build Order

BackupJ Protoss - Winner!

Build Orders: Archon Immortal 

Get SALT Encoding   

  12  0:00  Probe  
  13  0:12  Probe  
  14  0:17  Pylon  
  14  0:23  Probe  
  15  0:31  Probe  
  16  0:38  Gateway  
  16  0:39  Probe  
  16  0:45  Assimilator  
  17  0:51  Probe  
  17  0:54  Assimilator  
  18  1:03  Probe  
  19  1:08  Gateway  
  19  1:15  Probe  
  20  1:25  Cybernetics Core  
  20  1:27  Probe  
  20  1:31  Pylon  
  21  1:39  Probe  
  22  1:51  Probe  
  22  1:53  Stalker x2  
  23  2:02  Warp Gate  
  23  2:04  Probe  
  23  2:08  Pylon  
  28  2:16  Probe  
  28  2:21  Adept  
  29  2:25  Adept  
  33  2:32  Robotics Facility  
  32  2:37  Probe  
  33  3:08  Nexus  
  33  3:09  Sentry x2  
  37  3:14  Pylon  
  37  3:18  Warp Prism  
  39  3:37  Probe  
  40  3:49  Probe  
  41  4:01  Probe  
  41  4:02  Immortal  
  44  4:13  Probe  
  43  4:23  Shield Battery, Probe  
  44  4:25  Probe  
  44  4:26  Adept x2  
  49  4:35  Probe  
  49  4:37  Probe  
  51  4:39  Immortal  
  51  4:47  Probe  
  51  4:49  Probe  
  56  5:00  Probe  
  56  5:01  Pylon, Probe  
  57  5:12  Probe  
  57  5:13  Probe  
  59  5:17  Forge, Pylon  
  60  5:21  Observer  
  60  5:23  Sentry  
  60  5:24  Probe  
  60  5:26  Probe  
  64  5:34  Immortal  
  64  5:36  Probe, Protoss Ground Weapons Level 1  
  64  5:38  Probe  
  64  5:41  Assimilator  
  66  5:43  Twilight Council, Assimilator  
  66  5:48  Probe  
  71  5:50  Probe  
  71  5:53  Pylon  
  72  6:00  Probe  
  73  6:05  Probe  
  74  6:12  Probe  
  74  6:17  Probe  
  76  6:24  Probe  
  77  6:29  Charge  
  77  6:30  Templar Archives  
  77  6:34  Nexus  
  77  6:36  Immortal, Pylon  
  81  6:47  Probe  
  80  7:03  Gateway  
  80  7:04  Gateway  
  80  7:08  Gateway  
  80  7:12  Gateway  
  80  7:15  Immortal  
  84  7:16  Pylon  
  84  7:18  High Templar x2  
  84  7:21  Gateway  
  88  7:23  Gateway  
  88  7:24  Archon  
  88  7:27  Probe  
  88  7:28  Pylon, Probe  
  90  7:36  Pylon  
  90  7:47  Immortal  
  90  7:52  High Templar  
  90  7:53  Pylon, High Templar  
  98  7:59  Archon  
  98  8:00  Zealot x2  
  98  8:02  Pylon  
  98  8:04  Zealot  
  104  8:08  Zealot  
  106  8:21  Zealot x4  
Show
View Real Time Build Order
Export as new Build Order

Trumpet Protoss 

Build Orders:  

Get SALT Encoding   

  12  0:00  Probe  
  13  0:12  Probe  
  14  0:19  Pylon  
  14  0:23  Probe  
  15  0:33  Probe  
  15  0:38  Gateway  
  15  0:42  Probe  
  16  0:46  Assimilator  
  17  0:54  Probe  
  17  0:55  Assimilator  
  18  1:05  Gateway  
  18  1:08  Probe  
  19  1:20  Probe  
  19  1:25  Cybernetics Core  
  20  1:33  Probe  
  20  1:37  Pylon  
  21  1:45  Probe  
  22  1:55  Warp Gate  
  22  1:57  Probe  
  22  1:58  Stalker  
  25  2:01  Sentry  
  27  2:14  Pylon  
  27  2:17  Probe  
  28  2:29  Robotics Facility  
  28  2:47  Nexus  
  28  2:55  Stalker  
  29  3:00  Stalker  
  31  3:09  Immortal  
  34  3:28  Probe  
  35  3:41  Shield Battery  
  35  3:49  Immortal  
  35  3:55  Shield Battery  
  35  4:10  Probe  
  35  4:11  Probe  
  36  4:23  Probe  
  36  4:24  Twilight Council  
  37  4:25  Probe  
  38  4:36  Probe  
  38  4:37  Probe  
  39  4:40  Resonating Glaives  
  38  4:46  Shield Battery  
  36  5:08  Probe  
  36  5:11  Probe  
  37  5:21  Probe  
  39  5:33  Gateway, Probe  
  39  5:34  Probe  
  41  5:43  Pylon  
  41  5:44  Sentry x2  
  41  5:47  Probe  
  46  5:53  Probe  
  47  5:57  Gateway  
  47  6:00  Probe  
  48  6:10  Adept  
  48  6:11  Adept  
  47  6:21  Probe x2  
  49  6:26  Gateway  
  49  6:29  Probe x2  
  51  6:40  Shield Battery  
  51  6:47  Adept x2  
  51  6:48  Adept  
  57  7:00  Pylon  
  57  7:05  Pylon  
  57  7:16  Warp Prism  
  57  7:29  Adept x2  
  63  7:43  Pylon x2  
  63  7:55  Pylon  
  63  8:15  Adept x5  
Tags
 
Add a new tag
Caveats
  • Supply blocks, unpowered buildings, or Contaminate may cause inaccurate times.
  • Supply counts are checked every 10 seconds.